 BcadrenCrawl: Boulder Brew version 0.05.32 (webtiles) character file.

Game seed: 14250097629074376210, levelgen mode: deterministic

59 BR41ND34D the Charmwright (level 4, 0/38 HPs) Gnoll Skald. Began on Oct 5, 2021. Succumbed to Edmund's poison ... on level 2 of the Dungeon. The game lasted 00:04:07 (843 turns).

BR41ND34D the Charmwright (Gnoll Skald)              Turns: 843, Time: 00:04:08

Health: 0/38       AC:  4    Str: 15    XL:     4 ^: 80
Magic:  6/11       EV: 14    Int: 15    God:
Gold:   86         SH:  0    Dex: 14    Spells: 12/13 levels left

rFire    . . .     Vision   .   e - +0 short sword (venom)
rCold    . . .     Gourm    .     - Unarmed
rNeg     . . .     Faith    .   b - +0 leather armour
rCorr    . . .     Spirit   .   (no helmet)
rPois    .         Reflect  .   (no cloak)
rElec    .         Harm     .   m - +0 pair of gloves
MR       .....                  (no boots)
Stlth    +.........             (no amulet)
HPRegen  0.22/turn              (no ring)
MPRegen  0.21/turn              (no ring)

@: lethally poisoned (0 -> -16), infused, hasted, slow
A: distributed training, fangs, strong nose
a: no special abilities


You were on level 2 of the Dungeon.
You were not hungry.

You visited 1 branch of the dungeon, and saw 2 of its levels.

You collected 86 gold pieces.

Inventory:

Weapons
 a - a +0 falchion
 e - a +0 short sword of venom (weapon)
 l - a +0 hunting sling
Armour
 b - a +0 leather armour (worn)
 m - a +0 pair of gloves (worn)
Scrolls
 h - a scroll of fear
 k - a scroll of vulnerability
Potions
 g - a potion of mutation
 j - a potion of ambrosia
Comestibles
 d - 4 rations
 f - a chunk of flesh


   Skills:
 + Level 4.6 Fighting
 + Level 1.0 Short Blades
 + Level 4.6 Long Blades
 + Level 1.0 Axes & Hammers
 + Level 1.0 Whips & Flails
 + Level 1.0 Polearms
 + Level 1.0 Maces & Staves
 + Level 1.0 Slings
 + Level 1.0 Bows
 + Level 1.0 Crossbows
   Level 0.0 Throwing
 + Level 2.7 Armour
 + Level 4.6 Dodging
 + Level 1.0 Stealth
 + Level 1.0 Shields
 + Level 1.0 Unarmed Combat
 + Level 5.0 Spellcasting
 + Level 0.7 Hexes
 + Level 5.4 Charms
 + Level 0.7 Summonings
 + Level 0.7 Necromancy
 + Level 0.7 Translocations
 + Level 0.7 Transmutations
 + Level 0.7 Fire Magic
 + Level 0.7 Ice Magic
 + Level 0.7 Air Magic
 + Level 0.7 Earth Magic
 + Level 0.7 Poison Magic
 + Level 1.1 Invocations
 + Level 1.0 Evocations


You had 12 spell levels left.
You knew the following spells:

 Your Spells              Type           Power        Failure   Level  Hunger
a - Infusion              Chrm           20 (25)      1%          1    0

Your spell library contained the following spells:

 Spells                   Type           Power        Failure   Level  Hunger
 Song of Slaying Chrm 20 (100) 3% 2 4-44 Shroud of Golubria Chrm/Tloc 13 (200) 8% 2 4-44 Regeneration Chrm/Necr 13 (200) 16% 3 44-104 Spectral Weapon Chrm/Summ      13 (100)     16%         3    44-104


Dungeon Overview and Level Annotations

Branches:
Dungeon (2/8)

Altars:

Annotations:
D:2 Edmund


Innate Abilities, Weirdness & Mutations

Your experience applies equally to all skills.
You have razor-sharp fangs.
Your uncanny sense of smell can sniff out nearby items.


Message History

Edmund is severely wounded. (18/50) HP You closely miss Edmund.
You hit Edmund (2).
Edmund is severely wounded. (15/50) HP You feel sick. (1) Edmund hits you with a +6 flail of venom (3).
* * * LOW HITPOINT WARNING * * *
You are lethally poisoned!
You hit Edmund (1).
Edmund looks as sick as possible!
You hit Edmund but do no damage.
Edmund is severely wounded. (13/50) HP
* * * LOW HITPOINT WARNING * * *
You feel sick. (1) Edmund says, "I'm quite good with sums, too."
Edmund hits you with a +6 flail of venom (8)!
* * * LOW HITPOINT WARNING * * *
You are more poisoned.
You hit Edmund (1).
Edmund looks as sick as possible!
You hit Edmund but do no damage.
Edmund is almost dead. (10/50) HP You die...

∆∆ .# ∆∆ ≈# .# ∆ ≈#
.# ####.######
#≈.#@.≈≈... #.#@#
#≈### ##≈#
##≈≈#####
#.####.≈##
##≈≈#.≈...###
#≈≈.≈##.#≈≈.#
≈≈≈.≈.#####≈≈#≈..≈.
≈≈≈≈.# #≈.≈# ≈≈..


You could see Edmund.

Vanquished Creatures
  A giant cockroach (D:2)
  2 cinder newts
  An ooze (D:1)
  2 dart slugs (D:1)
  3 goblins (D:1)
  6 hobgoblins (D:1)
  2 bats (D:1)
  2 kobolds (D:1)
  6 rats (D:1)
25 creatures vanquished.

Vanquished Creatures (others)
  8 withered plants (D:2)
8 creatures vanquished.

Grand Total: 33 creatures vanquished

Notes
Turn   | Place    | Note
-------+----------+-------------------------------------------
     0 | D:1      | BR41ND34D the Gnoll Skald began the quest for the Orb.
     0 | D:1      | Reached XP level 1. HP: 20/20 MP: 6/6
   186 | D:1      | Reached XP level 2. HP: 26/26 MP: 7/7
   385 | D:1      | Reached XP level 3. HP: 31/31 MP: 9/9
   437 | D:1      | Reached skill level 5 in Spellcasting
   795 | D:2      | Connectivity tunneler affected lightli_temple_of_fire.
   795 | D:2      | Connectivity tunneler affected sewer_co_tree.
   795 | D:2      | Connectivity tunneler affected sewer_co_tree.
   795 | D:2      | Connectivity tunneler affected lightli_temple_of_fire.
   795 | D:2      | Connectivity tunneler affected sewer_co_tree.
   795 | D:2      | Connectivity tunneler affected sewer_co_tree.
   795 | D:2      | Connectivity tunneler affected sewer_co_tree.
   806 | D:2      | Reached skill level 1 in Invocations
   828 | D:2      | Noticed Edmund
   830 | D:2      | Reached skill level 1 in Short Blades
   830 | D:2      | Reached skill level 1 in Axes & Hammers
   830 | D:2      | Reached skill level 1 in Whips & Flails
   830 | D:2      | Reached skill level 1 in Polearms
   830 | D:2      | Reached skill level 1 in Maces & Staves
   830 | D:2      | Reached skill level 1 in Slings
   830 | D:2      | Reached skill level 1 in Bows
   830 | D:2      | Reached skill level 1 in Crossbows
   830 | D:2      | Reached skill level 1 in Stealth
   830 | D:2      | Reached skill level 1 in Shields
   830 | D:2      | Reached skill level 1 in Unarmed Combat
   830 | D:2      | Reached skill level 1 in Evocations
   830 | D:2      | Reached XP level 4. HP: 38/38 MP: 11/11
   842 | D:2      | HP: 1/38 [Edmund/+6 flail of venom (8)]
   843 | D:2      | Succumbed to Edmund's poison

Levels and vault maps discovered:
D:1:      nzn_arrival_settlement, layout_basic, minmay_misc_feat_diagonals
D:2:      layout_sewer, ashenzari_altar_1, lightli_temple_of_fire,
          sewer_co_tree, serial_shops, shop, hangedman_feature_mirror,
          minivault_5, uniq_purgy, uniq_menkaure, uniq_edmund, uniq_ijyb

Skill      XL: |  1  2  3 |
---------------+----------+-----
Spellcasting   | 5 |  5.0
Invocations    | 1 |  1.1
Short Blades   | 1 |  1.0
Axes & Hammers | 1 |  1.0
Whips & Flails | 1 |  1.0
Polearms       | 1 |  1.0
Maces & Staves | 1 |  1.0
Slings         | 1 |  1.0
Bows           | 1 |  1.0
Crossbows      | 1 |  1.0
Stealth        | 1 |  1.0
Shields        | 1 |  1.0
Unarmed Combat | 1 |  1.0
Evocations     | 1 |  1.0
Fighting       | |  4.6
Long Blades    | |  4.6
Armour         | |  2.7
Dodging        | |  4.6
Hexes          | |  0.7
Charms         | |  5.4
Summonings     | |  0.7
Necromancy     | |  0.7
Translocations | |  0.7
Transmutations | |  0.7
Fire Magic     | |  0.7
Ice Magic      | |  0.7
Air Magic      | |  0.7
Earth Magic    | |  0.7
Poison Magic   | |  0.7

Action                   |  1- 3 |  4- 6 || total
-------------------------+-------+-------++-------
Melee: Short sword       |    60 |     9 ||    69
       Unarmed           |    54 |     9 ||    63
       Tailslap          |     8 |       ||     8
 Cast: Infusion          |       |     1 ||     1
  Use: Potion            |       |     3 ||     3
Armor: Leather armour    |    14 |       ||    14
Dodge: Dodged            |    34 |     3 ||    37
